 Dungeon Crawl Stone Soup version 0.22.1-2-g9c5b331383 (webtiles) character file.

69661 Morrissey the Earth Mage (level 15, 0/80 HPs)
             Began as a Gargoyle Earth Elementalist on Dec 12, 2018.
             Was a High Priest of Vehumet.
             Killed from afar by a tengu reaver (36 damage)
             ... with a bolt of acid
             ... on level 14 of the Dungeon on Dec 13, 2018.
             The game lasted 01:22:33 (25122 turns).

Morrissey the Earth Mage (GrEE)                    Turns: 25122, Time: 01:22:35

Health: 0/80       AC: 25    Str: 19    XL:     15   Next: 30%
Magic:  7/27       EV: 16    Int: 22    God:    Vehumet [*****.]
Gold:   978        SH:  0    Dex: 13    Spells: 2/30 levels left

rFire    . . .     SeeInvis +   a - +3 quarterstaff (protect)
rCold    . . .     Gourm    .   (shield currently unavailable)
rNeg     + . .     Faith    .   l - +1 robe "Doddeps" {Str+7}
rPois    ∞         Spirit   .   r - +2 helmet
rElec    +         Reflect  .   P - scarf {repulsion}
rCorr    .         Harm     .   J - +2 pair of gloves
MR       .....                  m - +2 pair of boots
Stlth    ++........             q - amulet of magic regeneration
HPRegen  0.23/turn              u - ring of wizardry
MPRegen  0.45/turn              C - ring "Lokes" {Dex+3 SInv}

@: about to teleport, vulnerable, flying, very slightly contaminated, repel
missiles
A: big wings, frail 1, negative energy resistance 1, electricity resistance,
unbreathing, petrification resistance, rot immunity, AC +11
a: Stop Flying, Renounce Religion


You were on level 14 of the Dungeon.
You worshipped Vehumet.
Vehumet was extremely pleased with you.
You were very hungry.

You visited 5 branches of the dungeon, and saw 24 of its levels.
You also visited: Sewer and Ice Cave.

You collected 2245 gold pieces.
You spent 1267 gold pieces at shops.

Inventory:

Hand Weapons
 a - a +3 quarterstaff of protection (weapon)
Missiles
 b - 90 stones (quivered)
Armour
 l - the +1 robe "Doddeps" (worn) {Str+7}
   (You found it on level 5 of the Dungeon)

   It affects your strength (+7).
 m - a +2 pair of boots (worn)
 r - a +2 helmet (worn)
 J - a +2 pair of gloves (worn)
 N - a +0 cloak of cold resistance
 P - a scarf of repulsion (worn)
Magical Staves
 W - an uncursed staff of fire
Jewellery
 f - a +3 ring of evasion {unknown}
 k - an uncursed ring of protection from magic
 q - an amulet of magic regeneration (around neck)
 u - a ring of wizardry (left hand)
 C - the ring "Lokes" (right hand) {Dex+3 SInv}
   (You found it on level 1 of the Lair of Beasts)

   [ring of dexterity]

   It affects your dexterity (+3).
   It lets you see invisible.
 H - an uncursed ring of protection from cold
 K - an uncursed ring of positive energy
Wands
 c - a wand of polymorph (22)
 e - a wand of random effects (62)
 i - a wand of paralysis (18)
 B - a wand of flame (116)
 D - a wand of enslavement (16)
 F - a wand of iceblast (46)
 G - a wand of scattershot (6)
 I - a wand of disintegration (30)
 M - a wand of acid (14)
Scrolls
 g - 5 scrolls of amnesia
 n - 9 scrolls of remove curse
 x - a scroll of fear
 y - 6 scrolls of magic mapping
 A - a scroll of blinking
 E - 4 scrolls of enchant weapon
 O - a scroll of enchant armour
 U - a scroll of brand weapon
Potions
 h - a potion of heal wounds
 j - 2 potions of mutation
 o - 9 potions of curing
 p - 3 potions of brilliance
 s - a potion of invisibility {unknown}
 v - 3 potions of haste
 z - 4 potions of might
 L - 2 potions of agility {unknown}
 Q - a potion of magic
 R - a potion of cancellation
 X - a potion of ambrosia
Comestibles
 d - 53 rations
 t - a chunk of flesh


   Skills:
 - Level 8.8 Fighting
 - Level 5.6 Staves
 - Level 10.0 Armour
 - Level 8.0 Dodging
 - Level 2.1 Stealth
 - Level 8.4 Spellcasting
 - Level 10.0 Conjurations
 - Level 4.2 Transmutations
 * Level 18.6 Earth Magic


You had 2 spell levels left.
You knew the following spells:

 Your Spells              Type           Power        Failure   Level  Hunger
a - Sandblast             Erth           ######       0%          1    None
b - Stone Arrow           Conj/Erth      ######       1%          3    None
c - Petrify               Tmut/Erth      ######..     1%          4    ###....
e - Lee's Rapid Deconstr  Erth           #######...   1%          5    #####..
f - Shatter               Erth           #######...   32%         9    #######
g - Iron Shot             Conj/Erth      ######....   1%          6    ######.

Your spell library contained the following spells:

 Spells                   Type           Power        Failure   Level  Hunger
 Conjure Ball Lightning   Conj/Air       ####......   14%         6    ######.
 Flame Tongue             Conj/Fire      ####.        1%          1    None
 Shock                    Conj/Air       ####         1%          1    None
 Sting                    Conj/Pois      ####         1%          1    None
 Passwall                 Tmut/Erth      ######..     1%          2    None
 Infusion                 Chrm           #...         2%          1    None
 Summon Small Mammal      Summ           #...         2%          1    None
 Call Imp                 Summ           #.......     4%          2    None
 Poisonous Vapours        Pois/Air       #.....       4%          2    None
 Shroud of Golubria       Chrm/Tloc      #.........   4%          2    None
 Song of Slaying          Chrm           #.......     4%          2    None
 Swiftness                Chrm/Air       #.......     4%          2    None
 Mephitic Cloud           Conj/Pois/Air  ###.....     1%          3    None
 Static Discharge         Conj/Air       ####....     1%          3    None
 Leda's Liquefaction      Hex/Erth       ######....   1%          4    ###....
 Bolt of Magma            Conj/Fire/Erth ######....   1%          5    #####..
 Borgnjor's Vile Clutch   Necr/Erth      ######....   1%          5    #####..
 Lightning Bolt           Conj/Air       ####......   3%          5    #####..
 Venom Bolt               Conj/Pois      ####......   3%          5    #####..
 Airstrike                Air            #.........   8%          4    ###....
 Olgreb's Toxic Radiance  Pois           #.......     8%          4    ###....
 Call Canine Familiar     Summ           #.......     9%          3    None
 Regeneration             Chrm/Necr      #.........   9%          3    None
 Spectral Weapon          Hex/Chrm       #.......     9%          3    None
 Summon Guardian Golem    Hex/Summ       #.......     9%          3    None
 Ice Form                 Ice/Tmut       ###.....     12%         4    ###....
 Bolt of Cold             Conj/Ice       ####......   14%         6    ######.
 Summon Ice Beast         Ice/Summ       #.......     26%         4    ###....
 Summon Lightning Spire   Summ/Air       #.......     26%         4    ###....
 Freezing Cloud           Conj/Ice/Air   ###.......   26%         6    ######.
 Metabolic Englaciation   Hex/Ice        #.........   58%         5    #####..
 Ozocubu's Refrigeration  Ice            #.........   65%         6    ######.
 Simulacrum               Ice/Necr       #.........   98%         6    ######.
 Statue Form              Tmut/Erth      Unusable     N/A         6    N/A

Dungeon Overview and Level Annotations

Branches:
Dungeon (14/15)            Temple (0/1) D:6            Lair (6/6) D:9
  Swamp (1/4) Lair:4        Snake (1/4) Lair:2        Slime (0/5) Lair:6
    Orc (2/2) D:9             Elf (0/3) Orc:2        Vaults (0/5) D:13

Altars:
Ashenzari
Dithmenos
Gozag
Hepliaklqana
Kikubaaqudgha
Nemelex Xobeh
Ru
Vehumet
Yredelemnul
Zin
The Shining One
Beogh

Shops:
D:13 [   Orc:2 %?(}=*[%:

Annotations:
Lair:1 1 runed door, Chennex's ghost, journeyman MiBe
Lair:6 exclusion: 3 oklob plants


Innate Abilities, Weirdness & Mutations

You are resistant to torment.
Your stone body is resilient. (AC +11)
You are immune to poison.
Your large and strong wings let you fly indefinitely.
You resist negative energy. (rN+)
You are resistant to electric shocks. (rElec)
You can survive without breathing.
You are immune to petrification.
You are immune to rotting.
You are frail. (-10% HP)


Message History

The meliai rages.
The killer bee closely misses you.
The killer bee stings you but does no damage. x2
Casting: Shatter (very dangerous; 32% risk of failure)
Confirm with . or Enter, or press ? or * to list all spells.
Aiming: Stone Arrow (safe; 1% risk of failure)
Press: ? - help, Shift-Dir - straight line, f - killer bee
Aim: a killer bee (severely wounded, berserk, fast, unusually strong)
The stone arrow misses the killer bee.
The stone arrow hits the tengu reaver.
The tengu reaver is heavily wounded.
* * * LOW MAGIC WARNING * * *
The killer bee stings you but does no damage.
The killer bee completely misses you.
The phantasmal warrior blinks!
As you read the scroll of teleportation, it crumbles to dust.
You feel strangely unstable.
The meliai rages.
The phantasmal warrior blinks!
The tengu reaver points at you and mumbles some strange words.
The bolt of acid hits you!
You die...

.). .# ).#
..?Z .# ..#
..y.#.† .§
..#..#.
[.##
.....yy .#W
y....#y#y*#
.....(yyy#
#.###Q# #@#
###


You could see a tengu reaver, a phantasmal warrior, 2 meliai, 5 killer bees and
a battlesphere.

Vanquished Creatures
  Kirke (Lair:5)
  2 stone giants
  A fire dragon (D:13)
  Erolcha (D:11)
  A vault guard (D:13)
  6 hydras
  A catoblepas (Lair:6)
  2 anacondas (Snake:1)
  3 two-headed ogres
  Erica (Orc:1)
  An alligator (Lair:4)
  2 centaur warriors
  3 death yaks
  A deep troll shaman (Lair:6)
  5 orc high priests
  A shock serpent (Snake:1)
  An unseen horror (D:13)
  Pikel (D:4)
  A necromancer (IceCv)
  A swamp dragon (Swamp:1)
  A lindwurm (Lair:6)
  An orc knight (Orc:2)
  A mana viper (Snake:1)
  2 deep elf magi
  A shining eye (shapeshifter) (D:13)
  2 cyclopes
  2 manticores (D:11)
  An orc sorcerer (Orc:2)
  4 elephants (Lair:6)
  5 black mambas
  10 spiny frogs
  An ice statue (IceCv)
  2 gargoyles (D:11)
  A spiny frog (shapeshifter) (D:14)
  2 rime drakes
  10 freezing wraiths (IceCv)
  6 komodo dragons
  A yaktaur (D:14)
  A queen bee (D:14)
  A meliai (D:14)
  3 trolls
  A polar bear (Lair:6)
  5 blink frogs (Lair:4)
  19 dream sheep
  10 hippogriffs
  5 centaur simulacra
  Sigmund (D:6)
  18 yaks
  4 wraiths
  2 wyverns
  3 hogs (Lair:5)
  2 basilisks
  2 hungry ghosts
  A death yak simulacrum (IceCv)
  A warg (Orc:1)
  Edmund (D:6)
  6 nagas
  A swamp worm (Lair:4)
  5 water moccasins
  7 porcupines
  8 ice beasts
  5 black bears
  A sky beast (D:7)
  31 orc warriors
  8 ogres
  An eye of draining (D:12)
  3 phantoms
  30 wolves
  A necrophage (D:8)
  3 centaurs
  9 crocodiles
  14 bullfrogs
  A big kobold (D:8)
  A wyvern zombie (D:11)
  4 scorpions
  An elephant simulacrum (IceCv)
  23 killer bees
  2 howler monkeys
  4 electric eels
  2 bullfrog zombies
  4 crimson imps
  2 jellies
  2 quasits
  45 orc priests
  3 draconian simulacra (IceCv)
  4 hounds
  32 orc wizards
  2 bullfrog skeletons
  3 centaur skeletons
  Terence (D:2)
  2 iguanas
  6 troll simulacra (IceCv)
  A spriggan simulacrum (IceCv)
  7 worker ants
  A polar bear simulacrum (IceCv)
  A wolf simulacrum (IceCv)
  A hound zombie (D:6)
  A howler monkey zombie (D:5)
  A worker ant zombie (D:5)
  7 gnolls (D:7)
  A howler monkey skeleton (D:8)
  10 adders
  3 naga simulacra (IceCv)
  3 ogre simulacra (IceCv)
  3 river rats (D:4)
  4 shadow imps
  12 white imps (IceCv)
  2 oozes
  An adder skeleton (D:5)
  5 worms
  2 dart slugs
  7 leopard geckos
  92 orcs
  8 giant cockroaches
  9 goblins
  9 hobgoblins
  9 jackals
  8 kobolds
  8 quokkas
  3 ball pythons
  8 bats
  13 frilled lizards
  3 goblin skeletons (D:5)
  A goblin zombie (D:5)
  A hobgoblin zombie (D:5)
  3 kobold skeletons (D:5)
  2 kobold zombies (D:5)
  A leopard gecko skeleton (D:7)
  An orc zombie (D:5)
  2 quokka skeletons
  A quokka zombie (D:7)
  8 rats
  2 fungi (Lair:6)
711 creatures vanquished.

Vanquished Creatures (others)
  Robin (D:4)
  4 goblins (D:4)
  2 bushes (Lair:6)
  13 fungi
  5 plants
25 creatures vanquished.

Grand Total: 736 creatures vanquished

Notes
Turn   | Place    | Note
-------+----------+-------------------------------------------
     0 | D:1      | Morrissey the Gargoyle Earth Elementalist began the quest
                  | for the Orb.
     0 | D:1      | Reached XP level 1. HP: 10/10 MP: 3/3
   568 | D:1      | Reached XP level 2. HP: 10/15 MP: 1/5
   853 | D:1      | Reached skill level 4 in Earth Magic
  1438 | D:2      | Reached XP level 3. HP: 19/19 MP: 4/7
  1678 | D:2      | Reached XP level 4. HP: 18/24 MP: 6/9
  1712 | D:2      | Found an opulent altar of Gozag.
  1873 | D:2      | Found a shattered altar of Ashenzari.
  1879 | D:2      | Found a hazy altar of Hepliaklqana.
  1879 | D:2      | Found a shadowy altar of Dithmenos.
  1880 | D:2      | Found a radiant altar of Vehumet.
  1884 | D:2      | Found an ancient bone altar of Kikubaaqudgha.
  1891 | D:2      | Became a worshipper of Vehumet
  2255 | D:3      | Noticed Terence
  2289 | D:2      | Killed Terence
  2314 | D:2      | Learned a level 3 spell: Stone Arrow
  2367 | D:3      | Reached XP level 5. HP: 23/28 MP: 10/10
  2416 | D:3      | Reached skill level 5 in Earth Magic
  2616 | D:3      | Found a faded altar of an unknown god.
  2745 | D:3      | Reached * piety under Vehumet
  2745 | D:3      | Offered knowledge of Freeze by Vehumet.
  3103 | D:4      | Reached XP level 6. HP: 32/32 MP: 13/13
  3141 | D:4      | Learned a level 4 spell: Petrify
  3147 | D:4      | Learned a level 5 spell: Lee's Rapid Deconstruction
  3370 | D:4      | Reached skill level 5 in Spellcasting
  3461 | D:4      | Noticed Robin
  3473 | D:4      | Reached skill level 6 in Earth Magic
  3481 | D:4      | Noticed a phantom
  3491 | D:4      | Found a glowing drain.
  3522 | D:4      | Offered knowledge of Shock by Vehumet.
  3532 | Sewer    | Entered a sewer
  3553 | Sewer    | Reached ** piety under Vehumet
  3778 | Sewer    | Reached skill level 1 in Conjurations
  3778 | Sewer    | Reached XP level 7. HP: 33/36 MP: 11/14
  3800 | Sewer    | Got a bone rapier
  3804 | Sewer    | Identified the +8 rapier of Wrongful Imprisonment {pierce,
                  | rPois rF- Int-4 Dex+6} (You found it in a sewer)
  3874 | D:4      | Found a sparkling altar of Nemelex Xobeh.
  3874 | D:4      | Found a sacrificial altar of Ru.
  3988 | D:4      | Noticed Pikel
  4029 | D:4      | Killed Pikel
  4029 | D:4      | Reached skill level 5 in Conjurations
  4029 | D:4      | Reached skill level 7 in Earth Magic
  4029 | D:4      | Reached XP level 8. HP: 10/41 MP: 7/15
  4247 | D:4      | Killed Robin
  4428 | D:5      | Entered Level 5 of the Dungeon
  4466 | D:5      | Reached skill level 1 in Fighting
  4466 | D:5      | Reached skill level 8 in Earth Magic
  4658 | D:5      | Found a glowing golden altar of the Shining One.
  4666 | D:5      | Offered knowledge of Static Discharge by Vehumet.
  4957 | D:5      | Got an ichor-stained robe
  4968 | D:5      | Identified the cursed +1 robe "Doddeps" {Str+7} (You found
                  | it on level 5 of the Dungeon)
  5225 | D:6      | Noticed Edmund
  5238 | D:6      | Killed Edmund
  5238 | D:6      | Reached skill level 9 in Earth Magic
  5324 | D:6      | Found a staircase to the Ecumenical Temple.
  5330 | D:6      | Noticed Sigmund
  5344 | D:6      | Killed Sigmund
  5344 | D:6      | Reached XP level 9. HP: 52/52 MP: 6/16
  5368 | D:6      | Reached *** piety under Vehumet
  5604 | D:6      | Reached skill level 5 in Fighting
  5630 | D:6      | Reached skill level 10 in Earth Magic
  5850 | D:6      | Reached skill level 1 in Transmutations
  6142 | D:7      | Offered knowledge of Sticky Flame by Vehumet.
  6612 | D:7      | Found a glowing silver altar of Zin.
  6612 | D:7      | Found an opulent altar of Gozag.
  7088 | D:7      | Found a basalt altar of Yredelemnul.
  7168 | D:7      | Reached skill level 1 in Staves
  7711 | D:7      | Reached **** piety under Vehumet
  7913 | D:8      | Reached XP level 10. HP: 59/59 MP: 17/17
  8169 | D:8      | Offered knowledge of Conjure Flame by Vehumet.
  8176 | D:8      | Learned a level 3 spell: Conjure Flame
  8306 | D:8      | You fall through a shaft for 3 floors!
  8362 | D:10     | Entered Level 10 of the Dungeon
  8489 | D:9      | Found the +5 scythe "Finisher" {speed, Str+3}
  8711 | D:8      | Noticed a two-headed ogre
  8728 | D:8      | Killed a two-headed ogre
  8728 | D:8      | Reached skill level 5 in Staves
  8728 | D:8      | Reached skill level 5 in Dodging
  9125 | D:9      | Found a staircase to the Orcish Mines.
  9199 | D:9      | You fall through a shaft for 2 floors!
  9493 | D:9      | Found a staircase to the Lair.
  9886 | D:10     | Reached ***** piety under Vehumet
 10151 | D:11     | Noticed a gargoyle
 10154 | D:11     | Killed a gargoyle
 10175 | D:11     | Noticed Erolcha
 10225 | D:10     | Offered knowledge of Fulminant Prism by Vehumet.
 10236 | D:11     | Killed Erolcha
 10236 | D:11     | Reached XP level 11. HP: 63/63 MP: 3/18
 10277 | D:11     | Noticed a five-headed hydra
 10282 | D:11     | Noticed a manticore
 10288 | D:11     | Killed a five-headed hydra
 10301 | D:11     | Killed a manticore
 10406 | D:11     | Noticed a manticore
 10415 | D:11     | Killed a manticore
 10731 | D:11     | Noticed a cyclops
 10823 | D:11     | Killed a cyclops
 11509 | D:12     | Reached skill level 11 in Earth Magic
 11625 | D:12     | Noticed a seven-headed hydra
 11635 | D:12     | Killed a seven-headed hydra
 11729 | D:12     | Noticed a deep elf mage
 11734 | D:12     | Killed a deep elf mage
 12113 | Lair:1   | Entered Level 1 of the Lair of Beasts
 12154 | Lair:1   | Reached XP level 12. HP: 67/72 MP: 14/19
 12366 | Lair:1   | Got a sparkling ivory ring
 12410 | Lair:1   | Identified the ring "Lokes" {Dex+3 SInv} (You found it on
                  | level 1 of the Lair of Beasts)
 12468 | Lair:1   | Reached skill level 12 in Earth Magic
 12567 | Lair:1   | Found a runed door.
 12568 | Lair:1   | Noticed Chennex's ghost (journeyman MiBe)
 12568 | Lair:1   | Noticed a spriggan rider
 13327 | Lair:2   | Offered knowledge of Ozocubu's Refrigeration by Vehumet.
 13437 | Lair:2   | Found a staircase to the Snake Pit.
 13709 | Lair:3   | Reached skill level 10 in Conjurations
 13891 | Lair:3   | Reached skill level 1 in Armour
 14573 | Lair:4   | Noticed a five-headed hydra
 14577 | Lair:4   | Killed a five-headed hydra
 14832 | Lair:4   | Found a staircase to the Swamp.
 15591 | Lair:5   | Reached skill level 5 in Armour
 15591 | Lair:5   | Reached skill level 13 in Earth Magic
 15839 | Lair:5   | Reached XP level 13. HP: 78/78 MP: 13/20
 16449 | Lair:6   | Entered Level 6 of the Lair of Beasts
 16739 | Lair:5   | Noticed Kirke
 16758 | Lair:5   | Killed Kirke
 16916 | Lair:6   | Reached skill level 14 in Earth Magic
 17331 | Lair:6   | Reached skill level 10 in Armour
 17357 | Lair:6   | Offered knowledge of Bolt of Cold by Vehumet.
 17762 | Lair:6   | Found a staircase to the Slime Pits.
 18460 | Lair:6   | Gained mutation: Your large and strong wings let you fly
                  | indefinitely. [Gargoyle growth]
 18460 | Lair:6   | Reached XP level 14. HP: 55/84 MP: 6/24
 18662 | Lair:6   | Identified the Reference Book on the Fiery Mountains
 18862 | Orc:1    | Entered Level 1 of the Orcish Mines
 18869 | Orc:1    | Noticed a stone giant
 18941 | D:9      | Killed a stone giant
 18941 | D:9      | Reached skill level 15 in Earth Magic
 18975 | Orc:1    | Noticed Erica
 18995 | Orc:1    | Killed Erica
 19170 | Orc:1    | Found a roughly hewn altar of Beogh.
 19252 | Orc:2    | Entered Level 2 of the Orcish Mines
 19252 | Orc:2    | Found Vienteor's Jewellery Shoppe.
 19252 | Orc:2    | Found a labyrinth entrance.
 19307 | Orc:2    | Noticed a stone giant
 19317 | Orc:2    | Found Zoicriud's Food Shoppe.
 19317 | Orc:2    | Found Ymutax's Gadget Emporium.
 19317 | Orc:2    | Found Ceskeun's Antique Weapon Emporium.
 19574 | Orc:2    | Found Epimmo's Book Emporium.
 19588 | Orc:1    | Offered knowledge of Fireball by Vehumet.
 19954 | Orc:2    | Found Betasis's Food Shoppe.
 19957 | Orc:2    | Bought a book of the Earth for 975 gold pieces
 19963 | Orc:2    | Found Iggonaenn's Armour Shoppe.
 19991 | Orc:2    | Found Buzuck's General Store.
 20050 | Orc:1    | Learned a level 6 spell: Iron Shot
 20060 | Orc:1    | Learned a level 9 spell: Shatter
 20684 | Orc:2    | Killed a stone giant
 21096 | D:13     | Found Duilu's Antique Armour Shoppe.
 21185 | D:13     | Gained mutation: You are frail. (-10% HP) [a shining eye]
 21224 | D:13     | Found a frozen archway.
 21234 | IceCv    | Entered an ice cave
 21236 | IceCv    | Reached skill level 16 in Earth Magic
 21497 | IceCv    | Found an ancient bone altar of Kikubaaqudgha.
 22063 | D:13     | Offered knowledge of Conjure Ball Lightning by Vehumet.
 22093 | D:13     | Reached skill level 17 in Earth Magic
 22264 | D:13     | Found a gate to the Vaults.
 22506 | Snake:1  | Entered Level 1 of the Snake Pit
 22788 | Snake:1  | Reached XP level 15. HP: 80/80 MP: 20/27
 23371 | Swamp:1  | Entered Level 1 of the Swamp
 23889 | Orc:2    | Found a staircase to the Elven Halls.
 23901 | Orc:2    | Reached skill level 18 in Earth Magic
 23917 | Orc:2    | Bought a scroll of blinking for 112 gold pieces
 23917 | Orc:2    | Bought a scarf of repulsion for 180 gold pieces
 24442 | Orc:2    | Found Diricva Qehi's Magic Scroll Shoppe.
 25112 | D:14     | Noticed a tengu reaver
 25122 | D:14     | Killed from afar by a tengu reaver

Skill      XL: |  1  2  3  4  5  6  7  8  9 10 11 12 13 14 15 |
---------------+----------------------------------------------+-----
Earth Magic    | 4 5 6 7 9 10 11 13 14 17 18 | 18.6
Spellcasting   | 3 4 5 6 8 |  8.4
Conjurations   | 1 5 7 10 | 10.0
Fighting       | 4 5 7 8 |  8.8
Transmutations | 4 |  4.2
Staves         | 3 5 |  5.6
Dodging        | 3 7 8 |  8.0
Armour         | 6 10 | 10.0
Stealth        | |  2.1

Action                   |  1- 3 |  4- 6 |  7- 9 | 10-12 | 13-15 || total
-------------------------+-------+-------+-------+-------+-------++-------
Melee: Dagger            |    61 |    47 |       |       |       ||   108
       Quarterstaff      |       |   185 |   324 |   348 |   372 ||  1229
 Cast: Sandblast         |    27 |    41 |    17 |   136 |   205 ||   426
       Stone Arrow       |       |       |    40 |    81 |   190 ||   311
       Lee's Rapid Decon |       |       |     9 |    34 |    82 ||   125
       Conjure Flame     |       |       |       |     1 |       ||     1
       Petrify           |       |       |       |       |     3 ||     3
       Iron Shot         |       |       |       |       |    39 ||    39
       Shatter           |       |       |       |       |     3 ||     3
 Abil: Fly               |       |       |       |       |     1 ||     1
  Use: Scroll            |     6 |     2 |       |    20 |    10 ||    38
       Potion            |       |       |       |       |     2 ||     2
 Stab: Sleeping          |       |     1 |     1 |     2 |       ||     4
       Petrified         |       |       |       |       |     7 ||     7
  Eat: Ration            |     1 |       |       |     2 |     9 ||    12
       Chunk             |       |     6 |    19 |    32 |    37 ||    94
Armor: Robe              |    31 |   147 |   189 |   230 |   389 ||   986
Dodge: Dodged            |    78 |   263 |   259 |   450 |   552 ||  1602
